Map: King Sejong Station LE

Players

Gracz

  • Race: Terran Terran
  • League: Bronze

Bilal - Winner!

  • Race: Terran Terran
  • League: Silver

VOD

Have the link to the VOD?

Description

Time

  • Played on: Sept. 3, 2016, 12:51 p.m.
  • Length: 7:57
Show
View Real Time Build Order
Export as new Build Order

Gracz Terran 

Build Orders:  

Get SALT Encoding   

  12  0:01  SCV  
  13  0:18  SCV  
  13  0:20  Supply Depot  
  14  0:28  Refinery  
  14  0:30  SCV  
  15  0:47  Barracks  
  15  0:52  SCV  
  16  1:04  SCV  
  17  1:16  SCV  
  18  1:20  Barracks  
  18  1:28  SCV  
  19  1:39  Reaper  
  20  1:40  SCV  
  21  1:56  SCV  
  21  1:58  Command Center  
  22  2:05  Refinery  
  22  2:09  SCV  
  23  2:21  SCV  
  23  2:32  Reaper  
  23  3:08  Reaper  
  23  3:25  Supply Depot  
  23  3:47  Marine  
  24  3:55  Marine  
  14  4:04  Marine  
  14  4:13  Marine  
  10  4:22  Marine  
  10  4:30  Marine  
  5  4:40  Marine  
  3  4:48  Marine  
    5:34  SCV  
  1  5:47  SCV  
  3  6:09  Barracks  
Show
View Real Time Build Order
Export as new Build Order

Bilal Terran - Winner!

Build Orders:  

Get SALT Encoding   

  12  0:03  SCV  
  13  0:22  Supply Depot, SCV  
  14  0:34  SCV  
  15  0:45  Barracks  
  15  0:48  SCV  
  16  1:00  SCV  
  16  1:02  Supply Depot  
  17  1:12  SCV  
  18  1:25  SCV  
  19  1:27  Barracks  
  19  1:43  Marine  
  20  1:54  Bunker  
  20  2:01  Marine  
  21  2:18  Marine  
  21  2:36  Marine x2  
  23  2:53  Marine  
  23  2:54  Marine  
  25  3:11  Marine  
  25  3:12  Marine  
  27  3:29  Marine  
  27  3:30  Marine  
  29  3:47  Marine x2  
  30  4:05  Marine  
  31  4:14  Marine  
  31  4:22  Marine  
  30  4:31  Marine  
  31  5:10  Marine  
  31  5:51  Refinery  
  31  5:52  Refinery  
  31  5:57  Engineering Bay  
  31  7:28  Barracks  
  31  7:31  Orbital Command  
  31  7:32  Barracks  
  31  7:41  Factory  
Tags
 
Add a new tag
Caveats
  • Supply blocks, unpowered buildings, or Contaminate may cause inaccurate times.
  • Supply counts are checked every 10 seconds.